Map: Central Protocol

Players

juhyg - Winner!

  • Race: Zerg Zerg
  • League: Bronze

A.I. 1 (Medium)

  • Race: Zerg Zerg

VOD

Have the link to the VOD?

Description

Time

  • Played on: Feb. 6, 2016, 1:47 a.m.
  • Length: 13:55
Show
View Real Time Build Order
Export as new Build Order

juhyg Zerg - Winner!

Build Orders: Hatch First 

Get SALT Encoding   

  12  0:32  Hatchery  
  11  0:42  Overlord  
  11  0:47  Drone x2  
  13  1:01  Drone  
  14  1:10  Spawning Pool  
  13  1:12  Drone  
  14  1:20  Drone  
  15  1:27  Drone  
  16  1:41  Extractor  
  16  1:42  Drone  
  16  1:46  Drone  
  17  1:49  Drone  
  18  1:58  Queen  
  18  2:00  Queen  
  22  2:02  Drone  
  22  2:05  Drone  
  24  2:09  Drone  
  24  2:13  Drone  
  26  2:23  Drone  
  26  2:24  Drone  
  26  2:29  Overlord  
  28  2:40  Overlord  
  28  2:55  Drone x4  
  32  3:04  Roach Warren  
  32  3:05  Drone  
  32  3:07  Drone  
  32  3:11  Drone  
  34  3:19  Lair  
  34  3:20  Drone x2  
  34  3:21  Drone x2  
  34  3:25  Extractor  
  37  3:38  Drone  
  37  3:39  Drone x2  
  40  3:53  Roach x2  
  40  3:54  Overlord x2  
  44  4:04  Extractor  
  44  4:07  Extractor  
  44  4:09  Roach  
  44  4:10  Overlord x4  
  44  4:35  Drone x3  
  44  4:36  Roach x3  
  53  4:47  Hatchery  
  52  4:58  Ravager  
  53  5:02  Overseer  
  53  5:03  Overseer  
  53  5:08  Metabolic Boost  
  53  5:16  Infestation Pit  
  53  5:20  Hydralisk Den  
  51  5:26  Spire  
  50  5:31  Glial Reconstitution  
  50  5:32  Evolution Chamber  
  49  5:41  Zergling x6  
  49  5:42  Drone x5  
  57  5:43  Drone  
  58  5:51  Drone x2  
  60  6:04  Muscular Augments  
  60  6:07  Hive  
  60  6:17  Hydralisk x3  
  60  6:18  Hydralisk x3  
  68  6:21  Zergling x4  
  74  6:43  Mutalisk x3  
  80  6:47  Zergling x6  
  80  6:48  Zergling x4  
  76  7:02  Overseer x2  
  76  7:03  Overseer  
  76  7:16  Zerg Flyer Weapons Level 1  
  76  7:18  Zerg Melee Weapons Level 1  
  76  7:24  Zergling x8  
  76  7:25  Zergling x10  
  76  7:26  Zergling x6  
  88  8:00  Hatchery  
  87  8:30  Roach x5  
  87  8:31  Overlord x5  
  97  8:44  Adrenal Glands  
  97  8:48  Pneumatized Carapace  
  97  8:52  Mutalisk x2  
  101  8:56  Overlord x5  
  101  9:04  Drone  
  101  9:05  Drone  
  101  9:06  Drone  
  101  9:08  Drone x3  
  107  9:11  Zerg Flyer Armor Level 1  
  107  9:13  Zerg Missile Weapons Level 1  
  107  9:34  Roach x5  
  107  9:35  Roach x4  
  107  9:36  Hydralisk  
  127  9:41  Overseer  
  127  9:44  Overseer x3  
  127  9:45  Overseer  
  127  10:16  Drone x5  
  127  10:17  Drone x6  
  127  10:18  Drone  
  139  10:22  Extractor  
  139  10:27  Extractor  
  137  10:36  Hydralisk  
  137  10:37  Hydralisk x5  
  149  11:00  Overlord x3  
  149  11:01  Overlord x5  
  149  11:02  Overlord  
  149  11:07  Zerg Ground Armor Level 1  
  135  11:45  Mutalisk x4  
  135  11:46  Mutalisk x7  
  153  11:47  Mutalisk x3  
  163  12:12  Mutalisk  
  163  12:13  Mutalisk x3  
  163  12:14  Zergling x8  
  163  12:15  Zergling x6  
  178  12:44  Mutalisk x5  
Show
View Real Time Build Order
Export as new Build Order

A.I. 1 (Medium) Zerg 

Build Orders: Pool First 

Get SALT Encoding   

  12  0:00  Drone  
  13  0:12  Overlord  
  13  0:17  Drone  
  14  0:30  Drone  
  14  0:33  Drone  
  16  0:43  Spawning Pool  
  16  0:45  Drone  
  17  0:50  Drone  
  17  0:54  Extractor  
  17  0:55  Drone  
  17  1:06  Overlord  
  17  1:31  Zergling x2, Queen  
  20  1:38  Drone, Roach Warren  
  20  1:44  Extractor  
  20  1:47  Zergling x2  
  20  1:49  Drone  
  21  1:59  Drone  
  22  2:10  Lair  
  22  2:17  Roach  
  24  2:30  Overlord  
  24  2:33  Roach  
  26  2:49  Roach  
  28  3:01  Overlord  
  28  3:05  Roach  
  30  3:11  Hydralisk Den  
  30  3:12  Drone  
  30  3:20  Roach  
  32  3:36  Drone  
  32  3:39  Hydralisk  
  32  3:40  Drone  
  36  3:49  Overlord  
  36  3:54  Drone  
  36  3:55  Hydralisk  
  37  3:58  Drone  
  40  4:06  Drone  
  41  4:13  Drone, Hydralisk  
  41  4:16  Baneling Nest  
  43  4:17  Drone  
  44  4:25  Evolution Chamber  
  44  4:26  Drone  
  44  6:33  Drone, Overseer  
  44  6:34  Overlord x2, Overseer, Queen, Roach  
  44  6:35  Spore Crawler, Overlord  
  44  6:36  Drone  
  44  6:37  Spore Crawler  
  44  6:39  Drone, Infestation Pit  
  48  6:42  Drone, Spire  
  48  6:43  Evolution Chamber  
  48  6:45  Drone, Hatchery  
  48  6:46  Hydralisk  
  48  6:48  Drone  
  48  6:51  Drone  
  45  6:58  Zergling x2  
  34  7:11  Roach  
  36  7:21  Spine Crawler  
  36  7:22  Hydralisk  
  35  7:29  Spine Crawler  
  36  7:35  Roach  
  38  7:47  Roach  
  40  7:57  Drone, Queen  
  43  7:59  Hydralisk  
  43  8:00  Drone  
  43  8:03  Drone  
  47  8:06  Drone  
  47  8:09  Drone  
  47  8:11  Spore Crawler  
  47  8:12  Drone, Roach  
  51  8:16  Drone  
  51  8:17  Spore Crawler  
  51  8:19  Drone  
  52  8:22  Drone  
  52  8:24  Roach  
  52  8:25  Drone  
  56  8:28  Drone  
  56  8:31  Drone  
  58  8:34  Drone  
  58  8:40  Drone  
  60  8:42  Spine Crawler  
  60  8:45  Drone  
  60  8:49  Drone, Spine Crawler, Hydralisk  
  60  8:52  Drone  
  60  8:55  Drone  
  64  8:58  Drone  
  64  9:01  Drone  
  66  9:57  Extractor  
  65  10:00  Extractor  
  64  10:19  Drone  
  65  10:22  Drone  
  65  10:25  Drone  
  65  10:28  Drone  
  68  10:31  Drone  
  68  10:34  Drone  
  70  11:09  Corruptor  
  70  11:10  Overseer, Overlord x3, Hive  
  72  11:13  Zerg Ground Armor Level 1, Zerg Melee Weapons Level 1, Muscular Augments  
  63  11:22  Infestor  
  51  11:29  Hydralisk  
  51  11:32  Hatchery  
  46  11:33  Drone  
  46  11:36  Drone  
  46  11:37  Roach  
  46  11:39  Drone  
  31  11:42  Drone  
  31  11:43  Hydralisk  
  33  11:51  Mutalisk  
  35  11:55  Drone  
  35  11:58  Overlord  
  35  12:03  Corruptor  
  33  12:16  Drone, Infestor  
  33  12:21  Queen  
  33  12:22  Greater Spire  
  38  12:23  Drone  
  38  12:26  Ultralisk Cavern  
  38  12:30  Zergling x2  
  38  12:33  Drone  
  38  12:35  Overseer  
  40  12:38  Drone  
  40  12:41  Drone  
  40  12:43  Pneumatized Carapace  
  42  12:46  Drone  
  43  12:55  Drone  
  44  13:05  Drone  
  42  13:10  Hatchery  
  39  13:13  Extractor  
  39  13:18  Corruptor  
  13  13:34  Drone  
  13  13:37  Drone  
Tags
 
Add a new tag
Caveats
  • Supply blocks, unpowered buildings, or Contaminate may cause inaccurate times.
  • Supply counts are checked every 10 seconds.